 Dungeon Crawl Stone Soup version 0.19.0-19-g8c6edcc (console) character file.

27678 Kloppie the Basher (level 13, -17/122 HPs)
             Began as a Black Draconian Berserker on Nov 13, 2016.
             Was a High Priest of Trog.
             Killed by the air
             ... invoked by Gastronok
              (35 damage)
             ... on level 1 of the Orcish Mines.
             The game lasted 00:22:38 (14755 turns).

Kloppie the Basher (Black Draconian Berserker)     Turns: 14755, Time: 00:22:39

Health: -17/122    AC: 14    Str: 19    XL:     13   Next: 5%
Magic:  13/13      EV: 21    Int: 11    God:    Trog [*****.]
Gold:   886        SH:  6    Dex: 19    Spells: 0 memorised, 12 levels left

rFire  + . .     SeeInvis +     b - +3 flail (crush)
rCold  . . .     Gourm    .     (armour unavailable)
rNeg   . . .     Faith    .     B - +0 buckler
rPois  .         Spirit   .     (helmet restricted)
rElec  +         Reflect  .     D - +1 cloak
rCorr  .         Harm     .     o - +0 pair of gloves of the Blue Moon {Dex+3 SInv} (curse)
MR     .....                    q - +2 pair of boots
Stlth  ++........               J - amulet of regeneration
                                y - +3 ring of intelligence
                                u - ring of protection from fire

@: slowed, very slow
A: breathe lightning, unfitting armour, electricity resistance, cold-blooded, AC
+8
a: Breathe Lightning, Berserk, Trog's Hand, Brothers in Arms, Burn Spellbooks,
Renounce Religion


You were on level 1 of the Orcish Mines.
You worshipped Trog.
Trog was extremely pleased with you.
You were very hungry.

You visited 3 branches of the dungeon, and saw 18 of its levels.
You also visited: Sewer and Ossuary.

You collected 1089 gold pieces.
You spent 203 gold pieces at shops.

Inventory:

Hand Weapons
 a - a +1 flail of protection
 b - a +3 flail of crushing (weapon)
 K - a +3 antimagic great mace
 P - a +2 great mace of holy wrath
Armour
 o - the cursed +0 pair of gloves of the Blue Moon (worn) {Dex+3 SInv}
   (You found it on level 2 of the Lair of Beasts)

   It affects your dexterity (+3).
   It lets you see invisible.
   It has a curse placed upon it.
 q - a +2 pair of boots (worn)
 B - a +0 buckler (worn)
 D - a +1 cloak (worn)
Jewellery
 u - a ring of protection from fire (left hand)
 y - a +3 ring of intelligence (right hand)
 J - an amulet of regeneration (around neck)
Wands
 I - a wand of heal wounds (8/9)
 O - a wand of digging (16/24)
Scrolls
 e - 2 scrolls of teleportation
 h - 3 scrolls of magic mapping
 j - 4 scrolls of fear
 m - 11 scrolls of remove curse
 v - 4 scrolls of enchant weapon
Potions
 c - a potion of cure mutation
 f - 12 potions of curing
 t - 4 potions of agility
 w - a potion of heal wounds
 A - 7 potions of flight
 F - a potion of might
 L - a potion of haste
 M - 2 potions of invisibility {unknown}
 N - a potion of resistance {unknown}
Comestibles
 d - 5 beef jerkies
 k - 11 fruits
 r - 9 bread rations
 C - 9 meat rations
 E - 7 slices of pizza


   Skills:
 + Level 13.2 Fighting
 - Level 14.0 Maces & Flails
 - Level 10.8 Dodging
 + Level 4.8 Shields


You had 12 spell levels left.
You didn't know any spells.

Dungeon Overview and Level Annotations

Branches:
Dungeon (12/15)            Temple (0/1) D:7            Lair (5/6) D:11
  Swamp (0/4) Lair:4       Spider (0/4) Lair:3          Orc (1/2) D:10
  Slime: Lair:5-6

Altars:
Elyvilon
Ru
Vehumet
Yredelemnul
Beogh

Shops:
D:4 (   D:7 ?   D:11 =

Annotations:
D:12 Psyche
Orc:1 Gastronok


Innate Abilities, Weirdness & Mutations

You can breathe wild blasts of lightning.
Your glossy black scales are hard. (AC +8)
You cannot fit into any form of body armour.
You are resistant to electric shocks. (rElec)
You are cold-blooded and may be slowed by cold attacks.


Message History

The bat misses you. The bat completely misses you.
Gastronok looks at you and mumbles some strange words.
You feel as though you will be slow longer.
You sock Gastronok!
Gastronok is almost dead.
You feel less exhausted. The bat completely misses you.
You hit Gastronok. You tail-slap Gastronok.
Gastronok is almost dead.
The bat completely misses you. The bat barely misses you.
Gastronok waves his eye-stalks in wide circles.
The air twists around and strikes you!
* * * LOW HITPOINT WARNING * * *
The bat closely misses you.
You sock Gastronok!
Gastronok is almost dead.
The bat hits you but does no damage. x2
Gastronok waves his eye-stalks in wide circles.
The air twists around and strikes you!
You die...

.... ... ####..
##.... ###....#
## ......###
##.# ##w.....#
#...##)#@...##
#.$..)b)....#
##...#)##.#.....
#....#.# #....##
###....#.##
#..##
#.........## ###
......#....##.##
...###.....#...#
.. ##.#..#..#


You could see Gastronok and a bat.

Vanquished Creatures
  Harold (D:10)
  2 hydras (Lair:1)
  An orc high priest (Orc:1)
  Pikel (D:7)
  A hill giant (D:10)
  An orc knight (Orc:1)
  An ugly thing (D:11)
  Maurice (D:9)
  A gargoyle (D:11)
  4 spiny frogs
  2 rime drakes (Lair:2)
  5 komodo dragons
  4 trolls
  2 two-headed ogres (D:11)
  A tyrant leech (Lair:4)
  12 blink frogs
  7 hippogriffs
  19 yaks
  A wyvern (Lair:4)
  5 wraiths
  A human (D:8)
  Grum (D:9)
  A swamp worm (Lair:4)
  Edmund (D:5)
  6 water moccasins
  A soldier ant (D:9)
  4 porcupines
  3 ice beasts
  10 orc warriors
  An eye of draining (D:11)
  3 black bears
  3 necrophages (D:8)
  A sky beast (D:9)
  5 ogres
  13 wolves
  3 phantoms
  A centaur (D:6)
  19 crocodiles
  4 big kobolds
  16 bullfrogs
  3 scorpions
  A wyvern skeleton (D:10)
  6 killer bees (D:8)
  9 wights
  An electric eel (Lair:1)
  A howler monkey (D:4)
  3 centaur zombies
  2 lava snakes (Lair:3)
  7 crimson imps
  2 bullfrog skeletons
  6 hounds
  2 human zombies (D:8)
  10 orc priests
  4 bullfrog zombies
  2 jellies
  12 orc wizards
  A human skeleton (D:8)
  Natasha (twice) (D:4)
  2 iguanas
  6 worker ants
  A hound zombie (D:7)
  A hound skeleton (D:7)
  A mummy (D:8)
  A howler monkey zombie (D:10)
  9 gnolls
  A howler monkey skeleton (D:5)
  13 adders
  2 river rats
  A shadow imp (D:5)
  6 oozes
  2 adder skeletons
  12 worms
  2 dart slugs
  2 leopard geckos
  40 orcs
  4 ball pythons
  8 bats
  8 giant cockroaches
  5 goblins
  4 hobgoblins
  7 jackals
  2 quokkas
  A ball python skeleton (Ossuary)
  4 frilled lizards
  2 hobgoblin skeletons (Ossuary)
  A hobgoblin zombie (Ossuary)
  A jackal zombie (D:6)
  17 kobolds
  A kobold zombie (Ossuary)
  A leopard gecko skeleton (D:4)
  2 orc skeletons
  A quokka skeleton (D:5)
  12 rats
426 creatures vanquished.

Vanquished Creatures (others)
  A bullfrog (D:7)
  An electric eel (D:7)
  A hound (D:7)
  A gnoll (D:7)
  5 fungi (Lair:2)
  3 plants
12 creatures vanquished.

Grand Total: 438 creatures vanquished

Notes
Turn   | Place    | Note
-------+----------+-------------------------------------------
     0 | D:1      | Kloppie the Draconian Berserker began the quest for the Orb.
     0 | D:1      | Reached XP level 1. HP: 19/19 MP: 1/1
    72 | D:1      | Reached XP level 2. HP: 22/26 MP: 2/2
   283 | D:1      | Reached ** piety under Trog
   529 | D:2      | Reached XP level 3. HP: 33/33 MP: 3/3
   745 | D:2      | Found a faded altar of an unknown god.
  1028 | D:3      | Reached skill level 4 in Maces & Flails
  1028 | D:3      | Reached XP level 4. HP: 32/40 MP: 4/4
  1228 | D:3      | Reached XP level 5. HP: 47/47 MP: 5/5
  1729 | D:4      | Noticed Natasha
  1738 | D:4      | Killed Natasha
  1850 | D:4      | Reached XP level 6. HP: 55/55 MP: 6/6
  1853 | D:4      | Reached skill level 5 in Fighting
  1891 | D:4      | Found a sand-covered staircase.
  1902 | Ossuary  | Entered an ossuary
  1942 | Ossuary  | Reached skill level 5 in Maces & Flails
  1966 | Ossuary  | Reached *** piety under Trog
  2214 | Ossuary  | Noticed a wraith
  2214 | Ossuary  | Noticed a flying skull
  2221 | Ossuary  | Noticed a flying skull
  2248 | Ossuary  | Noticed a flying skull
  2274 | Ossuary  | Noticed a wraith
  2280 | Ossuary  | Killed a wraith
  2280 | Ossuary  | Your scales start taking on a glossy black colour.
  2280 | Ossuary  | Reached XP level 7. HP: 61/62 MP: 7/7
  2280 | Ossuary  | Gained mutation: You are resistant to electric shocks. (rElec) [Black Draconian growth]
  2323 | Ossuary  | Noticed a wraith
  2340 | Ossuary  | Killed a wraith
  2340 | Ossuary  | Reached skill level 5 in Dodging
  2524 | Ossuary  | Noticed a flying skull
  2539 | Ossuary  | Reached skill level 6 in Maces & Flails
  3084 | D:4      | Noticed Natasha
  3102 | D:4      | Killed Natasha
  3154 | D:4      | Found Tothuj's Weapon Shop.
  3157 | D:4      | Bought a +0 flail of protection for 86 gold pieces
  3220 | D:5      | Entered Level 5 of the Dungeon
  3286 | D:5      | Reached XP level 8. HP: 55/71 MP: 8/8
  3718 | D:5      | Found a glowing drain.
  3754 | Sewer    | Entered a sewer
  3828 | Sewer    | Reached **** piety under Trog
  3893 | Sewer    | Reached skill level 7 in Maces & Flails
  4394 | D:5      | Noticed Edmund
  4406 | D:5      | Killed Edmund
  4723 | D:6      | Reached XP level 9. HP: 81/81 MP: 9/9
  5191 | D:7      | Found Fuidima's Magic Scroll Shoppe.
  5202 | D:7      | Reached skill level 8 in Maces & Flails
  5247 | D:7      | Found a staircase to the Ecumenical Temple.
  5353 | D:7      | Found a radiant altar of Vehumet.
  5373 | D:7      | Noticed Pikel
  5389 | D:7      | Killed Pikel
  6076 | D:7      | Reached skill level 9 in Maces & Flails
  6080 | D:7      | Reached ***** piety under Trog
  6388 | D:8      | Reached XP level 10. HP: 88/91 MP: 10/10
  6649 | D:8      | Reached skill level 10 in Maces & Flails
  6675 | D:8      | Found a basalt altar of Yredelemnul.
  6919 | D:9      | Noticed Grum
  6945 | D:9      | Reached skill level 11 in Maces & Flails
  6954 | D:9      | Killed Grum
  7277 | D:9      | Found a white marble altar of Elyvilon.
  7446 | D:9      | Noticed Maurice
  7456 | D:9      | Killed Maurice
  7566 | D:9      | Reached skill level 12 in Maces & Flails
  7894 | D:10     | Entered Level 10 of the Dungeon
  7904 | D:10     | Got a translucent shield
  7967 | D:10     | Received a gift from Trog
  7974 | D:10     | Identified the cursed -1 shield of the Barber Surgeon {rF+ Dex-5 SInv} (You found it on level 10 of the Dungeon)
  8007 | D:10     | Found a staircase to the Orcish Mines.
  8018 | D:10     | Found a roughly hewn altar of Beogh.
  8111 | D:10     | Got a translucent mace
  8126 | D:10     | Reached XP level 11. HP: 43/97 MP: 11/11
  8418 | D:10     | Noticed a hill giant
  8435 | D:10     | Killed a hill giant
  8542 | D:10     | Reached skill level 13 in Maces & Flails
  8821 | D:11     | Noticed Harold
  8842 | D:10     | Killed Harold
  9067 | D:11     | Found Hatih's Jewellery Shoppe.
  9076 | D:11     | Bought a cursed -3 ring of protection for 36 gold pieces
  9076 | D:11     | Bought a cursed ring of loudness for 81 gold pieces
  9095 | D:11     | Identified the cursed +1 mace of the Wheel {antimagic, *Contam +Fly rC+ Dex+4} (You found it on level 10 of the Dungeon)
  9128 | D:11     | Noticed a cyan ugly thing
  9148 | D:11     | Killed a cyan ugly thing
  9155 | D:11     | Reached skill level 14 in Maces & Flails
  9244 | D:11     | Found a staircase to the Lair.
  9506 | D:11     | Reached skill level 10 in Fighting
  9515 | D:11     | Received a gift from Trog
  9545 | D:11     | You fall through a shaft!
  9545 | D:12     | Found a sacrificial altar of Ru.
  9545 | D:12     | Noticed a skeletal warrior
  9545 | D:12     | Noticed a skeletal warrior
  9545 | D:12     | Noticed a skeletal warrior
  9545 | D:12     | Noticed a skeletal warrior
  9545 | D:12     | Noticed a skeletal warrior
  9547 | D:12     | Noticed a hill giant
  9569 | D:12     | Noticed Psyche
  9899 | Lair:1   | Entered Level 1 of the Lair of Beasts
  9922 | Lair:1   | Noticed a seven-headed hydra
 10058 | Lair:1   | Killed a seven-headed hydra
 10194 | Lair:1   | Reached XP level 12. HP: 108/108 MP: 12/12
 10775 | Lair:1   | Noticed a four-headed hydra
 10786 | Lair:1   | Killed a four-headed hydra
 10786 | Lair:1   | Reached skill level 10 in Dodging
 11359 | Lair:2   | Got a pair of twisted gloves
 11367 | Lair:2   | Identified the cursed +0 pair of gloves of the Blue Moon {Dex+3 SInv} (You found it on level 2 of the Lair of Beasts)
 11928 | Lair:3   | Found a hole to the Spider Nest.
 11987 | Lair:3   | Reached skill level 1 in Shields
 12073 | Lair:3   | Received a gift from Trog
 13222 | Lair:4   | Found a staircase to the Swamp.
 14669 | Orc:1    | Entered Level 1 of the Orcish Mines
 14690 | Orc:1    | Noticed Gastronok
 14693 | Orc:1    | Noticed an orc high priest
 14709 | Orc:1    | Reached XP level 13. HP: 122/122 MP: 13/13
 14755 | Orc:1    | Killed from afar by Gastronok

Skill      XL: |  1  2  3  4  5  6  7  8  9 10 11 12 |
---------------+-------------------------------------+-----
Dodging        | 3 4 5 6 8 9 10 | 10.8
Fighting       | 4 5 6 7 9 10 13 | 13.2
Maces & Flails | 4 5 6 7 9 12 14 | 14.0
Shields        | 4 |  4.8

Action                   |  1- 3 |  4- 6 |  7- 9 | 10-12 | 13-15 || total
-------------------------+-------+-------+-------+-------+-------++-------
Melee: Mace              |    97 |   151 |    74 |       |       ||   322
       Tailslap          |     4 |    21 |    58 |   194 |    10 ||   287
       Flail             |       |       |   433 |  1077 |    44 ||  1554
Invok: Berserk           |     1 |     6 |     6 |    10 |       ||    23
       Trog's Hand       |       |       |       |     4 |       ||     4
 Abil: Breathe Lightning |       |       |     1 |     2 |     1 ||     4
  Use: Scroll            |       |       |    19 |    15 |       ||    34
 Stab: Sleeping          |     1 |     1 |     4 |     3 |       ||     9
  Eat: Chunk             |       |     9 |    17 |    32 |       ||    58
       Meat ration       |       |     1 |       |     1 |       ||     2
       Pizza             |       |       |       |     1 |       ||     1
Armor: Skin              |    33 |    46 |   152 |   250 |    14 ||   495
Dodge: Dodged            |    76 |   106 |   362 |   780 |    60 ||  1384
Block: Buckler           |       |       |       |    30 |    27 ||    57
